 Dungeon Crawl Stone Soup version 0.32-a0-876-gcfddb08e57 (webtiles) character file.

Game seed: 14147892730649601835

504 idkwhattoput the Chopper (level 6, -6/51 HPs)
             Began as a Mountain Dwarf Reaver on Apr 1, 2024.
             Mangled by a hornet (9 damage)
             ... on level 8 of the Dungeon.
             The game lasted 00:14:28 (3471 turns).

idkwhattoput the Chopper (Mountain Dwarf Reaver)    Turns: 3471, Time: 00:14:28

Health: -6/51      AC: 12    Str: 16    XL:     6   Next: 96%
Magic:  9/9        EV:  4    Int: 14    God:
Gold:   154        SH:  0    Dex:  8    Spells: 8/9 levels left

rFire   x . .        o - staff of earth
rCold   + . .        (no shield)
rNeg    . . .        d - +0 plate armour
rPois   .            (no helmet)
rElec   .            (no cloak)
rCorr   .            (no gloves)
SInv    .            (no boots)
Will    .....        h - amulet of regeneration Stlth
                     f - ring of ice
HPRegen 1.08/turn    (no ring)
MPRegen 0.11/turn

%: no passive effects
@: lethally poisoned (-6 -> -7), slowed, very slow
A: runic magic, artefact enchanting
a: no special abilities


You were on level 8 of the Dungeon.
You visited 1 branch of the dungeon, and saw 8 of its levels.

You collected 154 gold pieces.

Inventory:

Hand Weapons
 a - a +0 hand axe
Armour
 b - a +0 leather armour
 c - a +0 ring mail
 d - a +0 plate armour (worn)
Magical Staves
 o - a staff of earth (weapon)
Jewellery
 f - a ring of ice (left hand)
 h - an amulet of regeneration (around neck)
Scrolls
 i - a scroll of enchant weapon {unknown}
 k - a scroll of enchant armour {unknown}
 l - a scroll of fear {unknown}
Potions
 m - a potion of enlightenment {unknown}
 n - a potion of lignification {unknown}


   Skills:
 + Level 3.3 Fighting
 + Level 6.4 Axes
 + Level 0.8 Staves
 + Level 0.3 Throwing
 + Level 4.5 Armour
 + Level 1.5 Dodging
 + Level 0.6 Stealth
 + Level 2.0 Spellcasting
 + Level 3.0 Conjurations
 + Level 0.4 Necromancy
 + Level 0.7 Evocations


You had 8 spell levels left.
You knew the following spells:

 Your Spells              Type           Power      Damage    Failure   Level
a - Kiss of Death         Conj/Necr      24%        2d7       32%         1

Your spell library contained the following spells:

 Spells                   Type           Power      Damage    Failure   Level
 Momentum Strike          Conj/Tloc      10%        3d8       45%         2
 Hailstorm                Conj/Ice       8%         3d5       71%         3
 Leda's Liquefaction      Alch/Erth      1%         N/A       99%         4
 Lee's Rapid Deconstruct  Erth           1%         3d4*      100%        5
 Permafrost Eruption      Ice/Erth       1%         2x4d2     100%        6


Dungeon Overview and Level Annotations

Branches:
Dungeon (8/15)
 Temple: D:4-7         Lair: D:8-11

Altars:

Shops:
D:2 [   D:6 =


Innate Abilities, Weirdness & Mutations

Your spellcasting is much less encumbered by armour.
You can use scrolls of enchantment on lesser artefacts.


Message History

The hornet is lightly wounded.
The hornet stings you but does no damage. x2
You closely miss the hornet.
The hornet is lightly wounded.
The hornet stings you but does no damage.
The hornet stings you!
You suddenly lose the ability to move!
The hornet stings you but does no damage.
You can move again.
You closely miss the hornet.
The hornet is lightly wounded.
The hornet stings you!
You are poisoned.
You feel yourself slow down. The hornet stings you.
You feel as though you will be slow longer.
Unknown command.
You hit the hornet.
The hornet is moderately wounded.
You feel very sick. The hornet stings you.
You feel as though you will be slow longer.
The hornet stings you.
* * * LOW HITPOINT WARNING * * *
You shrug off the repeated paralysis!
The hornet stings you.
* * * LOW HITPOINT WARNING * * *
You shrug off the repeated paralysis!
You hit the hornet but do no damage.
The hornet is moderately wounded.
You feel sick. The hornet stings you.
* * * LOW HITPOINT WARNING * * *
You feel as though you will be slow longer.
The hornet stings you.
* * * LOW HITPOINT WARNING * * *
You feel as though you will be slow longer.
Unknown command.
You barely miss the hornet.
The hornet is moderately wounded.
You feel sick.
The hornet stings you but does no damage.
The hornet stings you!
You die...

.## ... #### #.. ..#
#.# .. g #.###.####..
. #........# .## .
#$.......# (.# .
#@y......# #.# g
#........# #.# .
#####........###.####.
............))......<.
#####.......)###..###.
#........####..###
######.......<....
#####........
#........


You could see a hornet.

Vanquished Creatures
  An ice beast (D:7)
  2 black bears
  A bullfrog (D:7)
  A gnoll bouda (D:8)
  2 hounds (D:5)
  An adder (D:2)
  4 gnolls (D:8)
  A dart slug (D:1)
  2 ribbon worms (D:2)
  An orc (D:5)
  8 endoplasms
  A giant cockroach (D:1)
  A quokka (D:2)
  5 ball pythons
  2 bats
  A frilled lizard (D:2)
  3 kobolds (D:2)
  A rat (D:1)
38 creatures vanquished.

Notes
Turn   | Place    | Note
-------+----------+-------------------------------------------
     0 | D:1      | idkwhattoput the Mountain Dwarf Reaver began the quest for
                  | the Orb.
     0 | D:1      | Reached XP level 1. HP: 17/17 MP: 3/3
   902 | D:1      | Reached skill level 4 in Axes
   909 | D:1      | Reached XP level 2. HP: 22/24 MP: 4/4
  1308 | D:1      | You fall into a shaft and drop 1 floor!
  1380 | D:2      | Reached XP level 3. HP: 25/26 MP: 3/5
  1615 | D:2      | Found Nich's Armour Boutique.
  2125 | D:5      | Entered Level 5 of the Dungeon
  2137 | D:5      | Reached XP level 4. HP: 15/37 MP: 6/6
  2145 | D:5      | Reached skill level 5 in Axes
  2145 | D:5      | Noticed a black bear
  2160 | D:5      | Killed a black bear
  2161 | D:5      | Reached XP level 5. HP: 18/44 MP: 5/7
  2504 | D:6      | Found Liezxe's Jewellery Boutique.
  2874 | D:7      | Noticed a black bear
  2882 | D:7      | Killed a black bear
  2883 | D:7      | Reached skill level 6 in Axes
  2883 | D:7      | Reached XP level 6. HP: 39/50 MP: 6/8
  2885 | D:7      | Noticed an ice beast
  2900 | D:7      | Killed an ice beast
  3458 | D:8      | Noticed a hornet
  3462 | D:8      | Paralysed by a hornet for 3 turns
  3466 | D:8      | Paralysed by a hornet for 2 turns
  3471 | D:8      | Mangled by a hornet

Illustrated notes

Levels and vault maps discovered:
D:1:      psy_arrival_whirlpool, layout_rooms
D:2:      layout_basic, serial_shops, shop, minmay_pentomino_u4
D:3:      layout_loops_ring
D:4:      layout_basic, hellmonk_ghost_happy_afterlife, grunt_tough_drop
D:5:      layout_rooms
D:6:      layout_rooms, nicolae_ru_path_of_blood,
          minmay_temple_entry_proselytizer, serial_shops, nicolae_stop_n_shop_1,
          minmay_diced_spiral, uniq_jeremiah, uniq_pikel
D:7:      layout_basic, minmay_misc_feat_chi, uniq_joseph
D:8:      layout_rooms, serial_shops, shop_statue, nicolae_stop_n_shop_1, shop,
          shop_fountains

Skill      XL: |  1  2  3  4  5  6 |
---------------+-------------------+-----
Axes           | 4 5 6 |  6.4
Armour         | 2 3 4 |  4.5
Fighting       | 3 |  3.3
Spellcasting   | 2 |  2.0
Conjurations   | 3 |  3.0
Staves         | |  0.8
Throwing       | |  0.3
Dodging        | |  1.5
Stealth        | |  0.6
Necromancy     | |  0.4
Evocations     | |  0.7

Action                     |  1- 3 |  4- 6 || total
---------------------------+-------+-------++-------
  Melee: Hand axe          |    76 |    34 ||   110
         Staff             |       |    40 ||    40
  Throw: Stone             |     8 |    10 ||    18
   Cast: Kiss of Death     |     1 |     3 ||     4
  Evoke: Wand              |     1 |     5 ||     6
    Use: Scroll            |     1 |     1 ||     2
         Potion            |       |     1 ||     1
 Armour: Plate armour      |    85 |   136 ||   221
         Leather armour    |     3 |       ||     3
  Dodge: Dodged            |    20 |    26 ||    46

Table legend: (Time is in decaauts)
 A = Elapsed time spent in this place.
 B = Non-inter-level travel time spent in this place.
 C = Inter-level travel time spent in this place.
 D = Time resting spent in this place.
 E = Time spent auto-exploring this place.
 F = Levels seen in this place.
 G = Mean time per level.
                   A        B        C        D        E       F      G
               +--------+--------+--------+--------+--------+-----+--------+
         Total |   3490 |   3490 |      0 |   2592 |      0 |   8 |  436.2 |
       Dungeon |   3490 |   3490 |      0 |   2592 |      0 |   8 |  436.2 |
               +--------+--------+--------+--------+--------+-----+--------+

Top non-repeatable levels by time:
     D:1: 1314 daAuts
     D:2: 623 daAuts
     D:7: 594 daAuts
     D:5: 379 daAuts
     D:8: 246 daAuts
     D:3: 179 daAuts
     D:6: 133 daAuts
     D:4: 17 daAuts
